 Dungeon Crawl Stone Soup version 0.24-a0-592-g9a1d66b0e3 (webtiles) character file.

Game seed: 13107976047386249015, levelgen mode: deterministic

231 Gargoyl the Skirmisher (level 5, 0/46 HPs)
             Began as a Centaur Abyssal Knight on Sept 9, 2019.
             Was a Believer of Lugonu.
             Slain by an ogre
             ... wielding a +0 giant club
              (14 damage)
             ... on level 4 of the Dungeon.
             The game lasted 00:03:54 (3228 turns).

Gargoyl the Skirmisher (Centaur Abyssal Knight)     Turns: 3228, Time: 00:03:55

Health: 0/46       AC: 10    Str: 14    XL:     5   Next: 72%
Magic:  7/7        EV:  7    Int: 11    God:    Lugonu [**....]
Gold:   165        SH:  0    Dex: 10    Spells: 4/4 levels left

rFire    . . .     SeeInvis .   a - +2 hand axe
rCold    . . .     Gourm    .   (no shield)
rNeg     . . .     Faith    .   h - +0 scale mail
rPois    .         Spirit   .   (no helmet)
rElec    .         Reflect  .   (no cloak)
rCorr    .         Harm     .   (no gloves)
MR       .....                  (no barding)
Stlth    ..........             (no amulet)
HPRegen  0.15/turn              d - +4 ring of protection
MPRegen  0.10/turn              (no ring)

@: very quick
A: large, hooves 3, deformed body, speed 2, tough skin 3
a: Depart the Abyss, Bend Space, Renounce Religion


You were on level 4 of the Dungeon.
You worshipped Lugonu.
Lugonu was pleased with you.
You were hungry.

You visited 1 branch of the dungeon, and saw 4 of its levels.
You visited the Abyss 1 time.

You collected 165 gold pieces.

Inventory:

Hand Weapons
 a - a +2 hand axe (weapon)
Armour
 h - a +0 scale mail (worn)
Jewellery
 b - an uncursed ring of fire
 d - a +4 ring of protection (left hand)
Scrolls
 f - 3 scrolls of identify
 j - a scroll of immolation {unknown}
 k - a scroll of remove curse
Potions
 e - 5 potions of curing
 g - 2 potions of cancellation {unknown}
 i - a potion of lignification {unknown}
 l - a potion of heal wounds {unknown}
 m - a potion of invisibility {unknown}
Comestibles
 c - 6 rations


   Skills:
 + Level 3.8 Fighting
 + Level 3.0 Axes
 * Level 2.6 Armour
 * Level 1.7 Dodging
 * Level 3.1 Invocations


You had 4 spell levels left.
You didn't know any spells.
Your spell library was empty.

Dungeon Overview and Level Annotations

Branches:
Dungeon (4/15)
 Temple: D:4-7

Altars:
Dithmenos
Elyvilon
Gozag
Ru
Sif Muna


Innate Abilities, Weirdness & Mutations

You have hooves in place of feet.
Armour fits poorly on your strangely shaped body.
You cover ground very quickly.
You have extremely tough skin. (AC +3)


Message History

Lugonu accepts your kill.
You hit the bat.
You kill the bat!
Lugonu accepts your kill.
An ogre comes into view. It is wielding a +0 giant club.
The ogre shouts!
You see here a ball python corpse.
The helpless giant cockroach fails to defend itself.
You hit the giant cockroach.
The giant cockroach is severely wounded.
You hit the ogre. The ogre hits you with a +0 giant club!
Unknown command.
You see here a ball python corpse.
You hit the ogre.
The ogre is moderately wounded.
The ogre hits you with a +0 giant club!
You hit the ogre.
The ogre is moderately wounded.
The ogre hits you with a +0 giant club!
You die...

####### #### #.....#
...# #..'#######'.
##### #..#)..#...#
....# #..#...#.s.#
....######.##..†@O..#
....).......###._.###
...)....<...#.......#
...)........#...#...#
###.........#...#...#
......#####.+#######+
..............
.##.##.###...#. . #.#
..# ..# #


You could see an ogre and a giant cockroach (paralysed).

Vanquished Creatures
  2 orc wizards (D:4)
  A worker ant (D:4)
  A gnoll (D:1)
  5 adders
  An ooze (D:2)
  2 worms (D:2)
  2 dart slugs
  2 leopard geckos
  5 orcs
  3 giant cockroaches
  8 goblins
  11 hobgoblins
  2 jackals (D:1)
  5 kobolds
  A quokka (D:1)
  3 ball pythons
  9 bats
  3 frilled lizards
  11 rats
77 creatures vanquished.

Notes
Turn   | Place    | Note
-------+----------+-------------------------------------------
     0 | Abyss:1  | Gargoyl the Centaur Abyssal Knight began the quest for the
                  | Orb.
     0 | Abyss:1  | Reached XP level 1. HP: 19/19 MP: 2/2
    75 | Abyss:1  | Noticed a raiju
    76 | D:1      | Escaped the Abyss
   106 | D:1      | Reached * piety under Lugonu
   182 | D:1      | Reached XP level 2. HP: 26/26 MP: 3/3
   384 | D:1      | Reached skill level 1 in Dodging
   384 | D:1      | Reached XP level 3. HP: 25/31 MP: 4/4
  1097 | D:2      | Reached XP level 4. HP: 26/39 MP: 5/5
  1436 | D:2      | Reached ** piety under Lugonu
  2081 | D:3      | Found a shimmering blue altar of Sif Muna.
  2081 | D:3      | Found an opulent altar of Gozag.
  2082 | D:3      | Found a white marble altar of Elyvilon.
  2126 | D:3      | Found a shadowy altar of Dithmenos.
  2163 | D:3      | Found a faded altar of an unknown god.
  2389 | D:3      | Found a white marble altar of Elyvilon.
  2454 | D:3      | Reached XP level 5. HP: 46/46 MP: 7/7
  3204 | D:4      | Found a sacrificial altar of Ru.
  3218 | D:4      | Noticed an ogre
  3228 | D:4      | Slain by an ogre

Levels and vault maps discovered:
D:1:      lightli_arrival_maybe_door_vault, layout_rooms
D:2:      layout_rooms, first_ration, grunt_ministairs_1,
          minmay_tree_intersection, minmay_pentomino_p4
D:3:      layout_basic, nicolae_overflow_quartered_altars,
          chequers_ecumenical_altar_island, elyvilon_altar_5
D:4:      layout_basic, grunt_temple_overflow_champion_of_chaos,
          fedhas_ov_isle_minmay, nicolae_ru_great_annihilating_truth,
          uniq_edmund

Skill      XL: |  1  2  3  4  5 |
---------------+----------------+-----
Axes           | 2 3 |  3.0
Dodging        | 1 |  1.7
Armour         | 2 |  2.6
Invocations    | 3 |  3.1
Fighting       | |  3.8

Action                   |  1- 3 |  4- 6 || total
-------------------------+-------+-------++-------
Melee: Hand axe          |    88 |   115 ||   203
       Kick              |    12 |    18 ||    30
Invok: Depart the Abyss  |     1 |       ||     1
  Use: Scroll            |     1 |     7 ||     8
 Stab: Paralysed         |       |     1 ||     1
  Eat: Chunk             |       |     5 ||     5
Armor: Leather armour    |    11 |       ||    11
       Scale mail        |    72 |    79 ||   151
Dodge: Dodged            |    77 |    65 ||   142

Table legend:
 A = Non-vault XP
 B = Vault XP
 C = Vault XP percentage of total XP
 D = Non-vault monster count
 E = Vault monster count
 F = Vault count percentage of total count
                 A         B        C        D         E       F
            +---------+---------+-------+---------+---------+-------
      Total |     266 |      64 |  19.4 |      70 |       7 |   9.1
            +---------+---------+-------+---------+---------+-------
        D:1 |      61 |      15 |  19.7 |      27 |       2 |   6.9
        D:2 |      91 |       4 |   4.2 |      19 |       2 |   9.5
        D:3 |      31 |       0 |   0.0 |      19 |       0 |   0.0
        D:4 |      83 |      45 |  35.2 |       5 |       3 |  37.5
            +---------+---------+-------+---------+---------+-------
